 Dungeon Crawl Stone Soup version 0.31-b1-12-gca42e3d1b8 (webtiles) character file.

Game seed: 1219322389572515448

1041 Curundu the Cleaver (level 8, -3/64 HPs)
             Began as a Minotaur Berserker on Jan 14, 2024.
             Was a Believer of Trog.
             Slain by a scorpion (6 damage)
             ... on level 5 of the Dungeon.
             The game lasted 00:14:22 (4479 turns).

Curundu the Cleaver (Minotaur Berserker)            Turns: 4479, Time: 00:14:25

Health: -3/64      AC:  8    Str: 25    XL:     8   Next: 4%
Magic:  7/7        EV:  8    Int:  4    God:    Trog [**....]
Gold:   59         SH:  0    Dex:  9    Spells: 7/7 levels left

rFire   . . .        a - +1 hand axe
rCold   . . .        l - +2 buckler
rNeg    . . .        h - +0 chain mail
rPois   .            (helmet restricted)
rElec   .            (no cloak)
rCorr   .            (no gloves)
SInv    .            (no boots)
Will    .....        (no amulet) Stlth
                     (no ring)
HPRegen 0.30/turn    (no ring)
MPRegen 0.10/turn

%: no passive effects
@: confused, lethally poisoned (-3 -> -12)
A: horns 2, retaliatory headbutt
a: Renounce Religion, Berserk, Trog's Hand


You were on level 5 of the Dungeon.
You worshipped Trog.
Trog was pleased with you.
You visited 1 branch of the dungeon, and saw 5 of its levels.

You collected 224 gold pieces.
You spent 165 gold pieces at shops.

Inventory:

Hand Weapons
 a - a +1 hand axe (weapon)
Missiles
 c - 11 poisoned darts (quivered)
 d - a throwing net
Armour
 h - a +0 chain mail (worn)
 l - a +2 buckler (worn)
Jewellery
 g - a ring of protection from fire
Wands
 i - a wand of roots (13)
 j - a wand of polymorph (19)
Scrolls
 e - 2 scrolls of identify
 f - 2 scrolls of silence
 m - 2 scrolls of noise {unknown}
 n - a scroll of amnesia {unknown}
 p - a scroll of teleportation {unknown}
Potions
 b - 3 potions of attraction
 k - a potion of degeneration {unknown}
 o - a potion of invisibility {unknown}


   Skills:
 - Level 3.6 Fighting
 + Level 11.7 Axes
 - Level 2.4 Armour
 - Level 2.1 Dodging


You had 7 spell levels left.
You didn't know any spells.
Your spell library was empty.

Dungeon Overview and Level Annotations

Branches:
Dungeon (5/15)
 Temple: D:4-7

Altars:
Ashenzari

Shops:
D:3 [   D:4 :!*!!


Innate Abilities, Weirdness & Mutations

You have a pair of horns on your head.
You reflexively headbutt those who attack you in melee.


Message History

The iguana bites you. Something hits you but does no damage.
The scorpion closely misses you.
You bump into the rock wall.
You feel less confused. The scorpion barely misses you. The iguana bites you!
Something hits you but does no damage.
You miss something. You closely miss the iguana. You hit the scorpion.
The scorpion stings you.
You are poisoned.
The scorpion poisons you!
You miss something. You barely miss the scorpion. You closely miss the iguana.
You feel very sick. The iguana bites you.
You hear some strange, mumbled words.
You are confused.
The scorpion stings you.
* * * LOW HITPOINT WARNING * * *
You are too confused!
You closely miss something. Your headbutt misses something.
You hit the scorpion. You hit the iguana.
You feel sick. Something hits you but does no damage.
The iguana bites you but does no damage.
You slash the scorpion!
The scorpion is severely wounded.
You hit something. You closely miss the iguana.
You feel sick.
The scorpion stings you but does no damage.
You feel sick. The scorpion stings you.
* * * LOW HITPOINT WARNING * * *
You are more poisoned.
The scorpion poisons you!
* * * LOW HITPOINT WARNING * * *
You feel very sick.
You hit the iguana but do no damage.
The iguana is heavily wounded.
You hit the scorpion.
* * * LOW HITPOINT WARNING * * *
You feel sick. The iguana bites you!
* * * LOW HITPOINT WARNING * * *
The scorpion stings you.
You die...

#.# ## ##.# ##.### #..# ....#
##.## #. #..:## ###..# ...
#...####...## ....
##....##...## ....##
####.........##
......###))l@........# #
...........s.##......########
##.....)######.......#.....
###..### ##.............
##...######........######
#...[...........####
##...............##
#...#########....>########
#..## ##............


You could see a scorpion and an iguana.

Vanquished Creatures
  Grinder (D:4)
  Eustachio (D:5)
  A black bear (D:5)
  A scorpion (D:4)
  3 bombardier beetles
  3 hounds
  2 orc priests (D:4)
  An orc wizard (D:5)
  Natasha (thrice) (D:4)
  4 iguanas
  A gnoll (D:2)
  3 adders
  2 ufetubi (D:5)
  A ribbon worm (D:3)
  6 orcs
  6 ball pythons
  4 bats
  6 endoplasms
  3 giant cockroaches
  4 hobgoblins
  2 quokkas
  2 frilled lizards
  6 goblins
  4 kobolds
  8 rats
78 creatures vanquished.

Notes
Turn   | Place    | Note
-------+----------+-------------------------------------------
     0 | D:1      | Curundu the Minotaur Berserker began the quest for the Orb.
     0 | D:1      | Reached XP level 1. HP: 19/19 MP: 0/0
   147 | D:1      | Reached skill level 4 in Axes
   194 | D:1      | Reached XP level 2. HP: 26/26 MP: 1/1
   624 | D:2      | Reached skill level 5 in Axes
   723 | D:2      | Reached XP level 3. HP: 31/31 MP: 2/2
   831 | D:2      | Found a broken altar of Ashenzari.
  1139 | D:2      | Reached ** piety under Trog
  1366 | D:3      | Reached XP level 4. HP: 35/39 MP: 3/3
  1447 | D:3      | Reached skill level 6 in Axes
  1576 | D:3      | Found Domifo Pagiu's Armour Emporium.
  2106 | D:3      | Bought a +2 buckler for 165 gold pieces
  2220 | D:4      | Noticed Natasha
  2227 | D:4      | Killed Natasha
  2228 | D:4      | Reached XP level 5. HP: 33/45 MP: 4/4
  2273 | D:4      | Found Kyddiun's Book Boutique.
  2290 | D:4      | Reached skill level 7 in Axes
  2373 | D:4      | Found Seupag's General Store.
  2374 | D:4      | Found Rokerph's Distillery.
  2375 | D:4      | Found Kiapp's Distillery.
  2375 | D:4      | Found Baasiw's Distillery.
  2446 | D:4      | Noticed Natasha
  2455 | D:4      | Killed Natasha
  2572 | D:4      | Found a broken altar of Ashenzari.
  2594 | D:4      | Reached skill level 8 in Axes
  2594 | D:4      | Reached XP level 6. HP: 42/51 MP: 5/5
  2908 | D:4      | Noticed Grinder
  2923 | D:4      | Killed Grinder
  2924 | D:4      | Reached skill level 9 in Axes
  2924 | D:4      | Reached XP level 7. HP: 57/57 MP: 6/6
  3198 | D:4      | Noticed Natasha
  3214 | D:4      | Killed Natasha
  3389 | D:4      | Reached skill level 10 in Axes
  3515 | D:5      | Entered Level 5 of the Dungeon
  4128 | D:5      | Noticed Eustachio
  4172 | D:5      | Killed Eustachio
  4173 | D:5      | Reached skill level 11 in Axes
  4347 | D:5      | Reached XP level 8. HP: 62/64 MP: 7/7
  4479 | D:5      | HP: 3/64 [iguana (7)]
  4479 | D:5      | Slain by a scorpion

Illustrated notes

Levels and vault maps discovered:
D:1:      minmay_arrival_hallway, layout_rooms, hex_intersection,
          chequers_serial_rivers_micro_a
D:2:      layout_loops_cross, basic_altar, nicolae_kite_square_tiling_tiny,
          minmay_fractal_squares_5
D:3:      layout_loops_corners, serial_shops, nicolae_shop_tiny_waterfront
D:4:      layout_gridville, evilmike_ruin_ashenzari, nicolae_wooded_promenade,
          dreamdust_princess_corridor, uniq_grinder, uniq_natasha
D:5:      layout_layer_cave, uniq_eustachio

Skill      XL: |  1  2  3  4  5  6  7 |
---------------+----------------------+-----
Axes           | 4 5 6 8 9 11 | 11.7
Fighting       | |  3.6
Armour         | |  2.4
Dodging        | |  2.1

Action                     |  1- 3 |  4- 6 |  7- 9 || total
---------------------------+-------+-------+-------++-------
  Melee: Hand axe          |    49 |    85 |    90 ||   224
         Headbutt          |     7 |    14 |    15 ||    36
         Unarmed           |       |       |     9 ||     9
  Throw: Dart              |       |       |     3 ||     3
 Invoke: Trog's Hand       |       |     1 |     1 ||     2
         Berserk           |       |     1 |       ||     1
    Use: Scroll            |     4 |     3 |     1 ||     8
         Potion            |       |       |     1 ||     1
 Armour: Animal skin       |     8 |       |       ||     8
         Chain mail        |    21 |    32 |    92 ||   145
         Skin              |       |       |     7 ||     7
  Dodge: Dodged            |    33 |    20 |    36 ||    89
  Block: Buckler           |       |    10 |    20 ||    30
